 Dungeon Crawl Stone Soup version 0.31-a0-1-g4198be8af4 (webtiles) character file.

Game seed: 15308312871003736886

33900 jasper the Severer (level 13, -1/104 HPs)
             Began as a Demonspawn Cinder Acolyte on May 1, 2023.
             Was an Initiate of Yredelemnul.
             Slain by a cane toad (10 damage)
             ... on level 5 of the Lair of Beasts.
             The game lasted 00:41:22 (16239 turns).

jasper the Severer (Demonspawn Cinder Acolyte)     Turns: 16239, Time: 00:41:23

Health: -1/104     AC: 19    Str: 19    XL:     13   Next: 39%
Magic:  14/14      EV: 11    Int: 19    God:    Yredelemnul [......]
Gold:   920        SH:  0    Dex:  9    Spells: 14/14 levels left

rFire   . . .        q - +3 battleaxe of the Shining Light {venom, Int+3}
rCold   . . .        (shield currently unavailable)
rNeg    . . .        h - +0 plate armour
rPois   .            (helmet restricted)
rElec   .            k - +1 cloak {Will+}
rCorr   .            (no gloves)
SInv    +            (no boots)
Will    +....        r - amulet of regeneration Stlth
                     m - ring of see invisible
HPRegen 1.17/turn    P - +5 ring of evasion
MPRegen 0.14/turn

%: no passive effects
@: fire susceptible
A: horns 2, yellow scales 2, foul stench 1, demonic magic 1
a: Renounce Religion, Recall Undead Harvest


You were on level 5 of the Lair of Beasts.
You worshipped Yredelemnul.
Yredelemnul was noncommittal.
You visited 2 branches of the dungeon, and saw 16 of its levels.
You also visited: Bailey.

You collected 1150 gold pieces.
You spent 230 gold pieces at shops.

Inventory:

Hand Weapons
 a - a +0 hand axe of flaming
 n - the +2 long sword of Understanding {venom, rF+ Dex+2}
   (You found it on level 4 of the Dungeon)

   Dex:       It affects your dexterity (+2).
   rF:        It protects you from fire.
 q - the +3 battleaxe of the Shining Light (weapon) {venom, Int+3}
   (You bought it in a shop on level 5 of the Dungeon)

   Int:       It affects your intelligence (+3).
Missiles
 g - 138 stones (quivered)
 l - 51 poisoned darts
 u - 22 boomerangs
 G - 2 curare-tipped darts
 I - a throwing net
Armour
 h - a +0 plate armour (worn)
 k - a +1 cloak of willpower (worn)
 J - +0 swamp dragon scales
Jewellery
 b - an amulet of guardian spirit
 m - a ring of see invisible (left hand)
 r - an amulet of regeneration (around neck)
 x - an amulet of faith
 P - a +5 ring of evasion (right hand)
 V - a ring of ice
 X - a ring of resist corrosion
 Y - a ring of wizardry
Wands
 f - a wand of digging (7)
 o - a wand of charming (7)
 A - a wand of flame (23)
 B - a wand of iceblast (9)
 O - a wand of acid (5)
Scrolls
 e - 2 scrolls of poison
 i - 8 scrolls of teleportation
 p - 2 scrolls of magic mapping
 t - 3 scrolls of fear
 w - 3 scrolls of enchant weapon
 y - 3 scrolls of immolation
 D - 5 scrolls of enchant armour
 E - 3 scrolls of vulnerability
 N - a scroll of summoning {unknown}
 U - 2 scrolls of fog
 W - 7 scrolls of identify
 Z - a scroll of amnesia
Potions
 c - 5 potions of haste
 d - a potion of berserk rage {unknown}
 j - 2 potions of ambrosia
 s - 4 potions of curing
 v - 2 potions of attraction
 z - 3 potions of lignification
 C - 4 potions of cancellation
 H - 2 potions of mutation
 K - a potion of brilliance
 L - 4 potions of degeneration
 M - 2 potions of heal wounds
 R - a potion of invisibility
 S - 2 potions of flight
Miscellaneous
 F - a box of beasts
 T - a lightning rod (4/4)


   Skills:
 + Level 10.6 Fighting
 * Level 16.1 Axes
 + Level 9.2 Armour
 - Level 1.0 Spellcasting
 - Level 2.6 Fire Magic
 - Level 6.0 Evocations


You had 14 spell levels left.
You didn't know any spells.
Your spell library contained the following spells:

 Spells                   Type           Power      Damage    Failure   Level
 Scorch                   Fire           22%        2d6       88%         2
 Apportation              Tloc           0%         N/A       98%         1
 Necrotise                Necr           0%         1d4       98%         1
 Sandblast                Erth           0%         2d4       98%         1
 Slow                     Hex            0%         N/A       98%         1
 Summon Small Mammal      Summ           0%         N/A       98%         1
 Ensorcelled Hibernation  Hex/Ice        0%         N/A       99%         2
 Passwall                 Tmut/Erth      0%         N/A       99%         2
 Confusing Touch          Hex            0%         N/A       100%        3
 Spider Form              Tmut/Pois      0%         N/A       100%        3
 Stone Arrow              Conj/Erth      0%         3d7       100%        3
 Vampiric Draining        Necr           0%         2d6       100%        3
 Anguish                  Hex/Necr       0%         N/A       100%        4
 Cause Fear               Hex            0%         N/A       100%        4
 Leda's Liquefaction      Hex/Erth       0%         N/A       100%        4
 Summon Ice Beast         Ice/Summ       0%         N/A       100%        4
 Lee's Rapid Deconstruct  Erth           0%         3d4*      100%        5
 Summon Mana Viper        Hex/Summ       0%         N/A       100%        5
 Statue Form              Tmut/Erth      0%         N/A       100%        6
 Enfeeble                 Hex            0%         N/A       100%        7
 Monstrous Menagerie      Summ           0%         N/A       100%        7


Dungeon Overview and Level Annotations

Branches:
Dungeon (11/15)            Temple (0/1) D:4            Lair (5/5) D:8
 Shoals (0/4) Lair:3       Spider (0/4) Lair:3        Slime (0/5) Lair:4
    Orc (0/2) D:11         Bailey (visited)

Altars:
Ru
Yredelemnul

Shops:
D:5 (

Annotations:
D:7 exclusion: downstairs
Lair:3 6 runed translucent doors, exclusion: downstairs
Lair:4 exclusion: oklob plant


Innate Abilities, Weirdness & Mutations

You have a pair of horns on your head.
You are mostly covered in yellow scales. (AC +3)
You may rarely emit foul miasma when damaged in melee.
Spells you cast may paralyse adjacent enemies.


Message History

The shaft crumbles and collapses.
Your mindless puppet stays behind to rot.
An elephant, a four-headed hydra and a basilisk come into view.
Found a stone staircase leading up.
You regained 21 hp, and now have 28/104 hp. 3 elephants and a blink frog come into view.
The elephant trumpets! x2; The blink frog croaks.
The four-headed hydra roars!
The basilisk hisses angrily.
You hear a trumpeting!
An elephant comes into view.
A cane toad comes into view.
The elephant moves out of view. 2 elephants come into view.
The elephant trumpets! x3; You hear a trumpeting!
You hear an angry hiss.
You regained 2 hp, and now have 31/104 hp.
The rime drake hisses angrily.
You slash the elephant!
The elephant is poisoned.
The elephant is lightly wounded.
You hit the elephant but do no damage. The elephant tramples you!
* * * LOW HITPOINT WARNING * * *
You stumble backwards!
The blink frog blinks!
You take 6 damage, and have 25/104 hp.
The elephant attacks as you move away! The elephant tramples you!
* * * LOW HITPOINT WARNING * * *
The elephant trunk-slaps you but does no damage.
A killer bee comes into view.
The killer bee buzzes angrily.
The cane toad gives a loud, deep croak!
You hear an angry buzzing noise. x5
The elephant tramples you.
* * * LOW HITPOINT WARNING * * *
You hold your ground!
The elephant trunk-slaps you but does no damage.
A killer bee comes into view.
A komodo dragon comes into view.
You hear an angry buzzing noise. x5
You take 17 damage, and have 8/104 hp.
A killer bee comes into view.
The killer bee buzzes angrily. x3; The elephant trumpets! x2
You hear an angry buzzing noise. x2
A killer bee comes into view. x2
The cane toad stings you!
You die...
Your body rises from the dead as a mindless zombie.

...##......#
l..#......
#..P....#
#.......##
##..D....# #.
#l.F..#
..##..##.Y..#
...YY..YYY.P#
..k#....Y#@##
#######F# #y#
#y# ..# .Y.


Yyy yy.. You could see a four-headed hydra, 8 elephants, a cane toad, a
basilisk, a blink frog, a meliai and 5 killer bees.

Vanquished Creatures
  Fannar (Lair:2)
  2 hydras
  A catoblepas (Lair:5)
  2 vault guards (Bailey)
  A boulder beetle (D:11)
  Amaemon (D:8)
  A wolf spider (Lair:3)
  A manticore (Lair:3)
  A cyclops (D:11)
  7 elephants
  3 black mambas
  8 cane toads
  A gargoyle (D:11)
  An orange demon (D:8)
  An unseen horror (D:7)
  5 komodo dragons
  Maggie (D:6)
  2 rime drakes
  A troll (D:10)
  2 polar bears
  Grinder (D:3)
  A wind drake (Lair:3)
  A hornet (D:10)
  Prince Ribbit (Bailey)
  Sigmund (D:3)
  2 jumping spiders (Lair:3)
  2 vampires
  2 shadows (D:11)
  3 wraiths
  7 wyverns
  40 yaks
  A fire elemental (Lair:4)
  3 humans (Bailey)
  4 steam dragons
  Grum (D:7)
  3 basilisks
  2 redbacks (Lair:3)
  Menkaure (D:5)
  6 water moccasins
  A hell hound (Lair:5)
  6 ice beasts
  3 orc warriors
  A sky beast (D:7)
  8 black bears
  3 ogres
  6 wolves
  3 centaurs
  A phantom (D:7)
  8 kobold brigands
  9 bullfrogs
  3 elf skeletons (D:4)
  2 scorpions
  7 wights
  15 killer bees
  An electric eel (D:7)
  A quasit (D:8)
  4 hounds
  11 orc priests
  Crazy Yiuf (D:3)
  2 jellies
  2 gnoll boudas
  7 iguanas
  A sleepcap (D:6)
  Jessica (D:2)
  6 orc wizards
  7 hell rats (Lair:3)
  Robin (D:3)
  7 gnolls
  4 adders
  2 shadow imps (D:8)
  3 white imps (D:8)
  2 ufetubi (D:8)
  2 worms (D:3)
  3 dart slugs
  53 orcs
  3 endoplasms
  7 giant cockroaches
  17 goblins
  10 hobgoblins
  40 kobolds
  4 quokkas
  8 ball pythons
  6 bats
  A frilled lizard (D:2)
  3 orc skeletons (D:4)
  2 rats
  A spectral orc (D:8)
424 creatures vanquished.

Vanquished Creatures (collateral kills)
  A polar bear (Lair:4)
  2 yaks (Lair:4)
  A fire elemental (Lair:4)
  A water moccasin (Lair:5)
  A bullfrog (Lair:4)
6 creatures vanquished.

Vanquished Creatures (others)
  A hydra zombie (Lair:5)
  A rime drake zombie (Lair:5)
  A wight (D:9)
  6 demonic plants (D:8)
  13 foxfires (D:5)
  13 fungi
  20 plants
55 creatures vanquished.

Grand Total: 485 creatures vanquished

Notes
Turn   | Place    | Note
-------+----------+-------------------------------------------
     0 | D:1      | jasper the Demonspawn Cinder Acolyte began the quest for
                  | the Orb.
     0 | D:1      | Reached XP level 1. HP: 18/18 MP: 2/2
   229 | D:1      | Reached skill level 3 in Axes
   454 | D:1      | Gained mutation: You have a pair of small horns on your
                  | head. [demonic ancestry]
   454 | D:1      | Reached XP level 2. HP: 24/24 MP: 3/3
   624 | D:1      | Found a faded altar of an unknown god.
  1049 | D:2      | Reached XP level 3. HP: 26/29 MP: 4/4
  1293 | D:2      | Reached skill level 4 in Axes
  1746 | D:3      | Noticed Grinder
  1752 | D:3      | Paralysed by Grinder for 5 turns
  1762 | D:3      | Killed Grinder
  1763 | D:3      | Reached skill level 6 in Axes
  1763 | D:3      | Gained mutation: You are partially covered in yellow
                  | scales. (AC +2) [demonic ancestry]
  1763 | D:3      | Reached XP level 4. HP: 35/35 MP: 5/5
  1763 | D:3      | Gained mutation: Spells you cast may paralyse adjacent
                  | enemies. [demonic ancestry]
  1763 | D:3      | Reached XP level 5. HP: 41/41 MP: 6/6
  1804 | D:3      | Found a runed translucent door.
  1805 | D:3      | Noticed Crazy Yiuf
  1812 | D:3      | Killed Crazy Yiuf
  1813 | D:3      | Gained mutation: You have a pair of horns on your head.
                  | [demonic ancestry]
  1813 | D:3      | Reached XP level 6. HP: 20/47 MP: 7/7
  2078 | D:3      | Identified the +0 quarterstaff of Jiofele Oma {freeze,
                  | rC++}
  2125 | D:3      | Identified the +0 leather armour "Yvvoam" {Regen+ Dex+2}
  2304 | D:3      | Noticed Sigmund
  2304 | D:3      | Identified the +1 helmet "Sesaphemm" {rElec rC+ Str-4
                  | Dex+4}
  2304 | D:3      | Noticed Robin
  2350 | D:4      | Identified the +2 long sword of Understanding {venom, rF+
                  | Dex+2}
  2365 | D:4      | Identified the +2 robe of the Furrier {*Corrode rPois
                  | Regen+}
  2423 | D:4      | Reached skill level 7 in Axes
  2820 | D:4      | Found a staircase to the Ecumenical Temple.
  2829 | D:4      | Reached XP level 7. HP: 52/52 MP: 8/8
  3333 | D:4      | Reached skill level 8 in Axes
  3660 | D:5      | Entered Level 5 of the Dungeon
  3826 | D:5      | Found Miagygyth's Antique Weapon Shop.
  3876 | D:5      | Noticed Menkaure
  3889 | D:5      | Killed Menkaure
  3890 | D:5      | Reached skill level 9 in Axes
  3890 | D:5      | Reached XP level 8. HP: 31/58 MP: 9/9
  3935 | D:5      | Bought a twisted battleaxe for 230 gold pieces
  3935 | D:5      | Identified the +3 battleaxe of the Shining Light {venom,
                  | Int+3} (You bought it in a shop on level 5 of the Dungeon)
  4265 | D:5      | Reached skill level 10 in Axes
  4377 | D:5      | Reached skill level 1 in Armour
  4800 | D:2      | Noticed Jessica
  4805 | D:2      | Killed Jessica
  5185 | D:3      | Killed Robin
  5198 | D:3      | Killed Sigmund
  5474 | D:5      | Gained mutation: You may rarely emit foul miasma when
                  | damaged in melee. [demonic ancestry]
  5474 | D:5      | Reached XP level 9. HP: 57/65 MP: 10/10
  6091 | D:6      | Reached skill level 1 in Evocations
  6295 | D:6      | Found a sacrificial altar of Ru.
  6312 | D:6      | Noticed Maggie
  6322 | D:6      | Killed Maggie
  6421 | D:6      | Reached skill level 5 in Evocations
  7226 | D:7      | Reached skill level 11 in Axes
  7371 | D:7      | Noticed an unseen horror
  7383 | D:7      | Killed an unseen horror
  7384 | D:7      | Reached skill level 5 in Fighting
  7384 | D:7      | Reached XP level 10. HP: 74/74 MP: 11/11
  7838 | D:8      | Noticed Grum
  7838 | D:8      | Noticed Amaemon
  7838 | D:8      | Noticed an orange demon
  7845 | D:7      | Killed Grum
  8208 | D:8      | Found a staircase to the Lair.
  8563 | D:8      | Found a basalt altar of Yredelemnul.
  8635 | D:8      | Reached skill level 12 in Axes
  8691 | D:8      | Killed an orange demon
  8699 | D:8      | Killed Amaemon
  8700 | D:8      | Reached skill level 5 in Armour
  9595 | D:9      | Reached XP level 11. HP: 51/83 MP: 12/12
 10273 | D:10     | Entered Level 10 of the Dungeon
 10274 | D:10     | Found a flagged portal.
 10300 | D:10     | HP: 4/83 [vampire (7)]
 10359 | Bailey   | Entered a bailey
 10432 | Bailey   | Noticed a vault guard
 10432 | Bailey   | Noticed Prince Ribbit
 10444 | Bailey   | Killed Prince Ribbit
 10451 | Bailey   | Killed a vault guard
 10452 | Bailey   | Reached skill level 13 in Axes
 10553 | Bailey   | Noticed a vault guard
 10564 | Bailey   | Killed a vault guard
 11690 | D:11     | Noticed a boulder beetle
 11700 | D:11     | Killed a boulder beetle
 11701 | D:11     | Reached skill level 14 in Axes
 11964 | D:11     | Found a staircase to the Orcish Mines.
 12110 | Lair:1   | Entered Level 1 of the Lair of Beasts
 12145 | Lair:1   | Reached XP level 12. HP: 74/94 MP: 13/13
 13291 | Lair:2   | Noticed Fannar
 13307 | Lair:2   | Killed Fannar
 13512 | Lair:2   | Reached skill level 15 in Axes
 14321 | Lair:3   | Found a hole to the Spider Nest.
 14334 | Lair:3   | Found a staircase to the Shoals.
 14421 | Lair:3   | Reached skill level 10 in Fighting
 14429 | Lair:3   | Gained mutation: You are mostly covered in yellow scales.
                  | (AC +3) [demonic ancestry]
 14429 | Lair:3   | Reached XP level 13. HP: 71/103 MP: 14/14
 14654 | Lair:3   | Found a runed translucent door.
 14896 | Lair:3   | Found a runed translucent gate.
 14896 | Lair:3   | Found a runed translucent gate.
 14896 | Lair:3   | Found a runed translucent gate.
 14896 | Lair:3   | Found a runed translucent gate.
 14897 | Lair:3   | Found a runed translucent gate.
 14901 | Lair:3   | Found a runed translucent gate.
 15046 | D:8      | Fell from the grace of Ignis
 15046 | D:8      | Became a worshipper of Yredelemnul the Dark
 15489 | Lair:4   | Reached * piety under Yredelemnul
 15653 | Lair:4   | Reached ** piety under Yredelemnul
 15656 | Lair:4   | Reached *** piety under Yredelemnul
 15891 | Lair:4   | Identified the +4 spear of Noon {pain, Dex+3}
 15937 | Lair:4   | You fall into a shaft and drop 1 floor!
 15937 | Lair:5   | Entered Level 5 of the Lair of Beasts
 15991 | Lair:5   | Reached skill level 16 in Axes
 16140 | Lair:4   | Found a staircase to the Slime Pits.
 16214 | Lair:4   | HP: 5/104 [fire elemental[the fiery vengeance of Ignis]
                  | (9)]
 16234 | Lair:4   | You fall into a shaft and drop 1 floor!
 16239 | Lair:5   | Slain by a cane toad

Illustrated notes

Levels and vault maps discovered:
D:1:      ncdulo_lavacross, layout_basic,
          hellmonk_ecumenical_altar_inner_sanctum,
          chequers_serial_rivers_small_3, serial_park_tiny_pond
D:2:      layout_basic, uniq_jessica
D:3:      layout_basic, uniq_crazy_yiuf_cottage, uniq_sigmund, uniq_robin,
          uniq_grinder
D:4:      layout_loops_ring, minmay_temple_entry_crystal_x,
          nicolae_ossuary_entry_catacombs, minmay_goblin_outpost
D:5:      nicolae_cairo_tiling_large_dashed, layout_layer_cave, serial_shops,
          shop, hellmonk_bongcloud_opening, uniq_menkaure
D:6:      wander_river, layout_cave_pods, nicolae_ru_great_annihilating_truth,
          uniq_maggie
D:7:      layout_basic, st_stairs_1, nrook_pool_corridor
D:8:      layout_loops_ring, yredelemnul_forgotten_temple_becter,
          david_lair_generic, serial_demonic, serial_demonic_e,
          serial_demonic_g, serial_demonic_e, serial_demonic_a,
          serial_demonic_g, serial_demonic_a, serial_demonic_c, uniq_grum,
          uniq_amaemon
D:9:      layout_cave_pods
D:10:     layout_cave_pools, enter_bailey_5, nicolae_twisting_strands,
          minmay_misc_feat_encased
D:11:     layout_loops_ring, hiddenorc1_lemuel
Lair:1:   layout_small_grid, grunt_megastairs_5
Lair:2:   layout_roguey, uniq_fannar
Lair:3:   gammafunk_indiana_jones, layout_loops_ring,
          minmay_shoals_entry_beasts, spider_nest_entry_webs, st_stairs_4,
          grunt_megastairs_1
Lair:4:   layout_gridlike, dpeg_slime_entry_corner,
          portal_ice_cave_entry_pillars_2, st_stairs_4, minmay_shattered_shrine,
          grunt_megastairs_4
Lair:5:   cheibrodos_lair_end_hotspot, layout_misc_corridors, special_room
          [special_room_bee]

Skill      XL: |  1  2  3  4  5  6  7  8  9 10 11 12 13 |
---------------+----------------------------------------+-----
Axes           | 3 6 7 9 10 11 12 14 15 16 | 16.1
Armour         | 2 3 5 7 8 9 |  9.2
Fighting       | 5 6 8 10 | 10.6
Evocations     | 6 |  6.0
Spellcasting   | |  1.0
Fire Magic     | |  2.6

Action                     |  1- 3 |  4- 6 |  7- 9 | 10-12 | 13-15 || total
---------------------------+-------+-------+-------+-------+-------++-------
  Melee: Hand axe          |    93 |    59 |    81 |       |    11 ||   244
         Punch             |     3 |       |       |       |       ||     3
         Headbutt          |     9 |     8 |    54 |   125 |    28 ||   224
         Battleaxe         |       |       |   200 |   614 |   100 ||   914
  Throw: Dart              |       |     2 |     4 |       |       ||     6
         Stone             |       |       |    17 |     7 |       ||    24
 Invoke: Fiery Armour      |     1 |     1 |     3 |     6 |     1 ||    12
         Foxfire Swarm     |       |       |     1 |       |       ||     1
         Rising Flame      |       |       |       |     1 |       ||     1
  Evoke: Wand              |       |       |     4 |    12 |     1 ||    17
         Lightning rod     |       |       |       |     4 |       ||     4
    Use: Scroll            |     6 |     4 |     1 |    15 |     2 ||    28
         Potion            |       |     2 |       |     4 |     4 ||    10
   Stab: Paralysed         |       |       |     2 |       |       ||     2
         Distracted        |       |       |       |       |     1 ||     1
 Armour: Robe              |     7 |       |       |       |       ||     7
         Ring mail         |    30 |    20 |       |       |       ||    50
         Plate armour      |       |     3 |   210 |   401 |   117 ||   731
  Dodge: Dodged            |    53 |    19 |    52 |   251 |    75 ||   450

Table legend: (Time is in decaauts)
 A = Elapsed time spent in this place.
 B = Non-inter-level travel time spent in this place.
 C = Inter-level travel time spent in this place.
 D = Time resting spent in this place.
 E = Time spent auto-exploring this place.
 F = Levels seen in this place.
 G = Mean time per level.
                   A        B        C        D        E       F      G
               +--------+--------+--------+--------+--------+-----+--------+
         Total |  16367 |  14359 |   2008 |   1583 |   6225 |  17 |  962.8 |
       Dungeon |  12077 |  10566 |   1511 |   1144 |   4565 |  11 | 1097.9 |
          Lair |   4049 |   3552 |    497 |    385 |   1655 |   5 |  809.8 |
        Bailey |    240 |    240 |      0 |     54 |      5 |   1 |  240.0 |
               +--------+--------+--------+--------+--------+-----+--------+

Top non-repeatable levels by time:
     D:4: 1451 daAuts
     D:8: 1316 daAuts
     D:3: 1254 daAuts
  Lair:3: 1227 daAuts
     D:9: 1187 daAuts
  Lair:1: 1110 daAuts
     D:5: 1098 daAuts
     D:7: 1078 daAuts
     D:6: 1076 daAuts
     D:2: 1070 daAuts
     D:1: 1009 daAuts
  Lair:2: 882 daAuts
    D:11: 815 daAuts
  Lair:4: 742 daAuts
    D:10: 717 daAuts
